 Dungeon Crawl Stone Soup version 0.21.0-25-ge575cb9ce8 (webtiles) character file.

45 Antichrist the Insei (level 3, -1/23 HPs)
             Began as an Octopode Transmuter on Jan 24, 2018.
             Succumbed to Terence's poison
             ... on level 2 of the Dungeon.
             The game lasted 00:07:40 (1564 turns).

Antichrist the Insei (Octopode Transmuter)          Turns: 1564, Time: 00:07:41

Health: -1/23      AC:  1    Str:  9    XL:     3   Next: 64%
Magic:  2/6        EV: 13    Int: 15    God:
Gold:   95         SH:  0    Dex: 13    Spells: 0/6 levels left

rFire    + . .     SeeInvis .     - Unarmed
rCold    x . .     Gourm    .   (no shield)
rNeg     + . .     Faith    .   (helmet restricted)
rPois    .         Spirit   .   (no amulet)
rElec    .         Reflect  .   k - ring of fire
rCorr    .         Harm     .   i - ring of positive energy
MR       .....                  (no ring)
Stlth    +++.......             (no ring)
HPRegen  0.07/turn              (no ring)
MPRegen  0.10/turn              (no ring)
                                (no ring)
                                (no ring)

@: lethally poisoned (-1 -> -25), very slightly contaminated
A: almost no armour, stealthy swim, amphibious, 8 rings, constrict 8, camouflage
1, gelatinous body 1
a: no special abilities


You were on level 2 of the Dungeon.
You were not hungry.

You visited 1 branch of the dungeon, and saw 3 of its levels.

You collected 95 gold pieces.

Inventory:

Missiles
 a - 37 arrows
Jewellery
 i - a ring of positive energy (right tentacle)
 k - a ring of fire (left tentacle)
Scrolls
 e - a scroll of teleportation
 l - a scroll of enchant weapon {unknown}
Potions
 d - a potion of berserk rage
 f - a potion of flight {unknown}
 h - a potion of haste {unknown}
 j - a potion of lignification {unknown}
Books
 b - a book of Changes

   Spells                             Type                      Level
   a - Beastly Appendage              Transmutation                1
   b - Sticks to Snakes               Transmutation                2
   c - Spider Form                    Transmutation/Poison         3
   d - Ice Form                       Ice/Transmutation            4
   e - Blade Hands                    Transmutation                5
Comestibles
 c - 3 rations


   Skills:
 + Level 1.0 Fighting
 + Level 2.1 Dodging
 + Level 1.1 Stealth
 + Level 3.9 Unarmed Combat
 + Level 2.3 Spellcasting
 + Level 2.1 Transmutations


You couldn't memorise any spells.
You knew the following spells:

 Your Spells              Type           Power        Failure   Level  Hunger
a - Beastly Appendage     Tmut           #.....       9%          1    #......
b - Sticks to Snakes      Tmut           #.......     13%         2    ###....
c - Spider Form           Tmut/Pois      #.........   38%         3    ###....


Dungeon Overview and Level Annotations

Branches:
Dungeon (3/15)

Altars:
Nemelex Xobeh

Annotations:
D:2 Terence


Innate Abilities, Weirdness & Mutations

You cannot wear most types of armour.
You are very stealthy in the water. (Stealth+)
You are amphibious.
You can wear up to eight rings at the same time.
You can use your tentacles to constrict eight enemies at once.
Your skin changes colour to match your surroundings (Stealth+).
Your rubbery body absorbs attacks. (AC +1, EV +1)


Message History

You feel sick.
Your adder bites Terence but does no damage.
You closely miss Terence. You grab Terence.
You constrict Terence, but do no damage.
You feel sick.
Your adder bites Terence.
Your adder bites Terence but does no damage.
You tentacle-slap Terence but do no damage.
Terence is lightly wounded.
You constrict Terence, but do no damage.
You feel sick.
Terence hits you with a short sword of venom.
Your adder bites Terence.
You release your grip on Terence.
Terence hits you with a short sword of venom.
* * * LOW HITPOINT WARNING * * *
You are more poisoned.
Your adder barely misses Terence.
* * * LOW HITPOINT WARNING * * *
You feel sick.
You die...

.....# .....# #########
.....# #.......#
.....####.#####'#####
.....#.......#......#.#
.....#.......#......#.#
.....#.......#.@S...#.#
.....+.......#......#.#
###..#.......#..@.....#
#..#.......#........#
#.>'.......#........#
######.......#........+
#.....#####'#####.....##+#.#
#.###.# ###.### #..........#
#.###.....# #..........#
#.........# #..........#
########....###..........#


You could see Terence and a friendly adder.

Vanquished Creatures
  An adder (D:2)
  An ooze (D:2)
  A worm (D:2)
  A dart slug (D:1)
  A leopard gecko (D:2)
  A ball python (D:1)
  3 goblins (D:1)
  3 hobgoblins (D:1)
  4 jackals (D:1)
  2 frilled lizards
  4 kobolds (D:1)
  A rat (D:1)
23 creatures vanquished.

Vanquished Creatures (collateral kills)
  A worm (D:2)
1 creature vanquished.

Grand Total: 24 creatures vanquished

Notes
Turn   | Place    | Note
-------+----------+-------------------------------------------
     0 | D:1      | Antichrist the Octopode Transmuter began the quest for the Orb.
     0 | D:1      | Reached XP level 1. HP: 13/13 MP: 3/3
   205 | D:2      | Found a sparkling altar of Nemelex Xobeh.
   402 | D:1      | Reached XP level 2. HP: 15/18 MP: 3/5
  1146 | D:2      | Learned a level 2 spell: Sticks to Snakes
  1168 | D:2      | Reached XP level 3. HP: 5/23 MP: 3/6
  1190 | D:2      | Learned a level 3 spell: Spider Form
  1242 | D:2      | Reached skill level 1 in Stealth
  1555 | D:2      | Noticed Terence
  1563 | D:2      | HP: 1/23 [poisoned by Terence]
  1564 | D:2      | Succumbed to Terence's poison

Skill      XL: |  1  2  3 |
---------------+----------+-----
Stealth        | 1 |  1.1
Fighting       | |  1.0
Dodging        | |  2.1
Unarmed Combat | |  3.9
Spellcasting   | |  2.3
Transmutations | |  2.1

Action                   || total
-------------------------++-------
Melee: Unarmed           ||    54
       Constrict         ||    12
       Kick              ||    13
       Punch             ||     1
       Tentacles         ||     5
 Cast: Beastly Appendage ||    16
       Sticks to Snakes  ||     2
       Spider Form       ||     2
  Use: Scroll            ||     5
 Stab: Sleeping          ||     2
  Eat: Chunk             ||     3
Armor: Skin              ||     2
Dodge: Dodged            ||    26
